 Dungeon Crawl Stone Soup version 0.30-a0-989-g0d87f670db (webtiles) character file.

Game seed: 8026813432128464571

2426 bande the Cleaver (level 9, -1/56 HPs)
             Began as a Gargoyle Fighter on Apr 2, 2023.
             Slain by an orc warlord
             ... wielding a +7 broad axe
              (15 damage)
             ... in a bailey.
             The game lasted 00:13:01 (5770 turns).

bande the Cleaver (Gargoyle Fighter)                Turns: 5770, Time: 00:13:02

Health: -1/56      AC: 22    Str: 19    XL:     9   Next: 48%
Magic:  9/9        EV:  5    Int: 10    God:
Gold:   1254       SH:  5    Dex: 13    Spells: 8/8 levels left

rFire   . . .      SeeInvis .    a - +1 war axe
rCold   . . .      Faith    .    c - +0 buckler
rNeg    + . .      Spirit   .    n - +0 plate armour
rPois   ∞          Reflect  .    (no helmet)
rElec   +          Rampage  .    b - +0 cloak
rCorr   +                        j - +0 pair of gloves
Will    +....                    (no boots) Stlth
                                 (no amulet)
HPRegen 0.29/turn                g - ring of willpower
MPRegen 0.11/turn                k - ring of resist corrosion

@: mighty
A: sickness immunity, AC +6, negative energy resistance 1, electricity
resistance, torment resistance 1, petrification resistance
a: no special abilities


You were in a bailey.
You visited 2 branches of the dungeon, and saw 8 of its levels.
You also visited: Bailey.

You collected 1254 gold pieces.

Inventory:

Hand Weapons
 a - a +1 war axe (weapon)
 f - a +0 flail
 m - the +2 sling "Apynoj" {freeze, Fly rPois Will+}
   (You found it on level 2 of the Dungeon)

   rPois:     It protects you from poison.
   Fly:       It grants you flight.
   Will:      It increases your willpower.
Armour
 b - a +0 cloak (worn)
 c - a +0 buckler (worn)
 j - a +0 pair of gloves (worn)
 n - a +0 plate armour (worn)
Jewellery
 g - a ring of willpower (left hand)
 h - an amulet of magic regeneration
 k - a ring of resist corrosion (right hand)
 q - a ring of positive energy
Scrolls
 o - a scroll of blinking
 s - 2 scrolls of enchant weapon
 t - 3 scrolls of teleportation
 u - a scroll of fog {unknown}
 w - a scroll of enchant armour {unknown}
Potions
 d - a potion of might
 e - 5 potions of curing
 i - 2 potions of magic
 l - a potion of cancellation
 p - a potion of berserk rage {unknown}
 r - a potion of ambrosia {unknown}
 v - a potion of heal wounds {unknown}
 x - a potion of invisibility
 z - a potion of resistance {unknown}


   Skills:
 + Level 6.3 Fighting
 + Level 8.8 Axes
 + Level 6.6 Armour
 - Level 0.1 Dodging
 + Level 5.3 Shields


You had 8 spell levels left.
You didn't know any spells.
Your spell library contained the following spells:

 Spells                   Type           Power      Damage    Failure   Level
 Summon Small Mammal      Summ           0%         N/A       100%        1
 Blink                    Tloc           0%         N/A       100%        2
 Lesser Beckoning         Tloc           0%         N/A       100%        2
 Momentum Strike          Conj/Tloc      0%         3d8       100%        2
 Poisonous Vapours        Pois/Air       0%         N/A       100%        2
 Call Canine Familiar     Summ           0%         N/A       100%        3
 Mephitic Cloud           Conj/Pois/Air  0%         N/A       100%        3
 Summon Guardian Golem    Hex/Summ       0%         N/A       100%        3
 Cigotuvi's Dreadful Rot  Necr/Pois/Air  Unusable   N/A       N/A         2

Dungeon Overview and Level Annotations

Branches:
Dungeon (7/15)             Temple (1/1) D:5          Bailey (1/1)

Altars:
Ashenzari
Cheibriados
Elyvilon
Fedhas
Hepliaklqana
Kikubaaqudgha
Makhleb
Qazlal
Ru
Trog
Uskayaw
Vehumet

Shops:
D:5 [**


Innate Abilities, Weirdness & Mutations

You are immune to sickness and miasma.
Your stone body is resilient. (AC +6)
You are immune to poison.
You resist negative energy. (rN+)
You are resistant to electric shocks. (rElec)
You are resistant to unholy torment.
You are immune to petrification.


Message History

You see here 2 boomerangs.
You see here 2 boomerangs.
There is an open door here.
Found a gate leading back out of this place.
The orc warlord shouts!
You feel very mighty all of a sudden.
You open the gate. You slice the orc warlord!!
The orc warlord is lightly wounded.
The orc warlord barely misses you.
You barely miss the orc warlord.
The orc warlord is lightly wounded.
You block the orc warlord's attack.
You barely miss the orc warlord.
The orc warlord is lightly wounded.
The orc warlord hits you with a +7 broad axe!!
You barely miss the orc warlord.
The orc warlord is lightly wounded.
The orc warlord hits you but does no damage.
You slash the orc warlord!
The orc warlord is moderately wounded.
The orc warlord hits you with a +7 broad axe.
You hit the orc warlord.
The orc warlord is moderately wounded.
The orc warlord hits you but does no damage.
You slash the orc warlord!
The orc warlord is moderately wounded.
You block the orc warlord's attack.
You closely miss the orc warlord.
The orc warlord is moderately wounded.
The orc warlord hits you with a +7 broad axe!
The orc warlord hits you but does no damage.
You barely miss the orc warlord.
The orc warlord is moderately wounded.
The orc warlord hits you with a +7 broad axe!
* * * LOW HITPOINT WARNING * * *
You barely miss the orc warlord.
The orc warlord is moderately wounded.
The orc warlord hits you with a +7 broad axe!
You die...

##### ##### ##...## ##...##
##.....## ##.....##
##.......#######....)..##
##..8..8...........8).8..##
#....)..............).....#
#............@.........)..#
#...8......#'o'#......8...#
##......####~~~####......##
♣##.....#~~~~~~~~~#.....##♣
♣.##....#~.8...8.~#....##.♣
♣♣..###'###.......###'###..♣♣
♣...~~~.#~~.8...8.~ #(~~~...♣
♣...~~~.#~.........~#.~~~...♣♣
∩...~~~.# ..∩... #.(~~...∩♣


You could see an orc warlord.

Vanquished Creatures
  Eustachio (D:4)
  A water moccasin (D:6)
  4 orc warriors (Bailey)
  2 hornet zombies (D:6)
  2 ice beasts
  2 phantoms
  Blork the orc (D:4)
  2 scorpions
  A wyvern zombie (D:6)
  A water moccasin zombie (D:6)
  A water moccasin skeleton (D:6)
  A wyvern skeleton (D:6)
  A howler monkey (D:6)
  3 bullfrog zombies (D:6)
  3 centaur zombies (D:6)
  4 hounds
  A jelly (D:6)
  A bullfrog skeleton (D:6)
  A sleepcap (D:6)
  Crazy Yiuf (D:5)
  2 iguanas
  3 orc wizards
  4 killer bee zombies (D:6)
  A howler monkey zombie (D:6)
  5 adders
  2 gnolls (Bailey)
  A howler monkey skeleton (D:6)
  A shadow imp (D:5)
  2 ufetubi (D:5)
  2 worms
  2 dart slugs
  20 orcs
  6 endoplasms
  2 giant cockroaches
  8 goblins
  6 hobgoblins
  7 jackals
  14 kobolds
  6 quokkas
  6 ball pythons
  2 bats
  4 frilled lizards
  5 rats
145 creatures vanquished.

Vanquished Creatures (others)
  3 withered plants (D:6)
3 creatures vanquished.

Grand Total: 148 creatures vanquished

Notes
Turn   | Place    | Note
-------+----------+-------------------------------------------
     0 | D:1      | bande the Gargoyle Fighter began the quest for the Orb.
     0 | D:1      | Reached XP level 1. HP: 14/14 MP: 1/1
   182 | D:1      | Reached XP level 2. HP: 19/19 MP: 2/2
   508 | D:1      | Reached skill level 2 in Axes
   934 | D:2      | Identified a scroll of acquirement
   934 | D:2      | Acquired 884 gold pieces
   978 | D:2      | Reached XP level 3. HP: 24/24 MP: 3/3
  1136 | D:2      | Identified the +2 sling "Apynoj" {freeze, Fly rPois Will+}
  1192 | D:2      | Reached XP level 4. HP: 27/29 MP: 4/4
  1511 | D:3      | Reached skill level 3 in Axes
  1511 | D:3      | Reached XP level 5. HP: 28/33 MP: 5/5
  1566 | D:3      | Found a stormy altar of Qazlal.
  2243 | D:4      | Found the +8 trident of the Octopus King {venom, rElec
                  | rPois}
  2369 | D:4      | Noticed Eustachio
  2374 | D:4      | Noticed Blork the orc
  2379 | D:4      | Killed Eustachio
  2380 | D:4      | Reached skill level 4 in Axes
  2380 | D:4      | Reached XP level 6. HP: 8/38 MP: 6/6
  2384 | D:4      | Killed Blork the orc
  2810 | D:4      | Reached skill level 5 in Axes
  2810 | D:4      | Reached XP level 7. HP: 43/44 MP: 7/7
  2987 | D:5      | Entered Level 5 of the Dungeon
  3285 | D:5      | Found Lesuarah's Antique Armour Shop.
  3401 | D:5      | Found Gypit's General Store.
  3403 | D:5      | Found Jorat's Specific Store.
  3424 | D:5      | Found a staircase to the Ecumenical Temple.
  3433 | Temple   | Entered the Ecumenical Temple
  3709 | D:5      | Found a burning altar of Makhleb.
  3724 | D:5      | Reached skill level 6 in Axes
  3724 | D:5      | Reached skill level 5 in Armour
  3779 | D:5      | Found a runed translucent door.
  3780 | D:5      | Noticed Crazy Yiuf
  3810 | D:5      | Found a blossoming altar of Fedhas.
  3900 | D:5      | Killed Crazy Yiuf
  3901 | D:5      | Reached XP level 8. HP: 48/48 MP: 8/8
  3975 | D:6      | Reached skill level 5 in Fighting
  4190 | D:6      | Found a bloodstained altar of Trog.
  4202 | D:6      | Reached skill level 7 in Axes
  4812 | D:6      | Reached skill level 5 in Shields
  4818 | D:6      | Reached XP level 9. HP: 37/55 MP: 9/9
  4819 | D:6      | Reached skill level 8 in Axes
  5219 | D:6      | You fall into a shaft and drop 1 floor!
  5232 | D:7      | Found a flagged portal.
  5255 | Bailey   | Entered a bailey
  5272 | Bailey   | Noticed an orc warlord
  5582 | Bailey   | Found a runed translucent gate.
  5588 | Bailey   | Found a runed translucent gate.
  5590 | Bailey   | Found a runed translucent gate.
  5770 | Bailey   | Slain by an orc warlord

Illustrated notes

Levels and vault maps discovered:
D:1:      dpeg_arrival_rhombi, layout_basic
D:2:      layout_rooms, mrwooster_statue_mirror, minmay_tree_intersection,
          chequers_serial_rivers_micro_e
D:3:      layout_rooms, nicolae_qazlal_scattered_showers
D:4:      layout_basic, uniq_eustachio, uniq_blork_the_orc
D:5:      layout_loops_ring, fedhas_altar_fruit_tree, kennysheep_little_box,
          minmay_temple_entry_arrows, serial_shops, shop,
          nicolae_specific_store, uniq_crazy_yiuf_cottage
D:6:      layout_loops_corners, old_standard_altar, serial_undead,
          serial_undead_f, serial_undead_e, serial_undead_d, serial_undead_c,
          serial_undead_a, serial_undead_a, serial_undead_b, serial_undead_e,
          serial_undead_e, serial_undead_b
D:7:      cheibrodos_shockbox, layout_basic, kennysheep_mini,
          nicolae_dithmenos_the_darkroom, enter_bailey_4,
          kennysheep_opposing_triangles, uniq_pikel
Temple:   hellmonk_temple_flake
Bailey:   bailey_axe_bossmonster_kennysheep, bailey

Skill      XL: |  1  2  3  4  5  6  7  8  9 |
---------------+----------------------------+-----
Axes           | 2 3 4 5 6 7 8 |  8.8
Fighting       | 4 5 6 |  6.3
Armour         | 4 5 6 |  6.6
Shields        | 4 5 |  5.3
Dodging        | |  0.1

Action                     |  1- 3 |  4- 6 |  7- 9 || total
---------------------------+-------+-------+-------++-------
  Melee: War axe           |    80 |   104 |   332 ||   516
    Use: Scroll            |     5 |     5 |     3 ||    13
         Potion            |       |       |     1 ||     1
 Armour: Scale mail        |    51 |    71 |    61 ||   183
         Plate armour      |       |       |   232 ||   232
  Dodge: Dodged            |    34 |    57 |   132 ||   223
  Block: Buckler           |    18 |    32 |   107 ||   157

Table legend: (Time is in decaauts)
 A = Elapsed time spent in this place.
 B = Non-inter-level travel time spent in this place.
 C = Inter-level travel time spent in this place.
 D = Time resting spent in this place.
 E = Time spent auto-exploring this place.
 F = Levels seen in this place.
 G = Mean time per level.
                   A        B        C        D        E       F      G
               +--------+--------+--------+--------+--------+-----+--------+
         Total |   5907 |   5836 |     71 |    870 |   3302 |   9 |  656.3 |
       Dungeon |   5228 |   5157 |     71 |    737 |   3146 |   7 |  746.9 |
        Temple |    152 |    152 |      0 |      0 |    131 |   1 |  152.0 |
        Bailey |    527 |    527 |      0 |    133 |     25 |   1 |  527.0 |
               +--------+--------+--------+--------+--------+-----+--------+

Top non-repeatable levels by time:
     D:6: 1186 daAuts
     D:4: 976 daAuts
     D:5: 942 daAuts
     D:1: 934 daAuts
     D:2: 596 daAuts
     D:3: 551 daAuts
  Bailey: 527 daAuts
  Temple: 152 daAuts
     D:7: 39 daAuts
